 Dungeon Crawl Stone Soup version 0.24-a0-7-g1bb0902 (webtiles) character file.

Game seed: 9523588311113041179

220 poirepourri the Cudgeler (level 5, 0/32 HPs)
             Began as a Gargoyle Fighter on Jan 30, 2019.
             Killed by nerve-wracking pain
             ... invoked by an orc priest
              (4 damage)
             ... on level 3 of the Dungeon.
             The game lasted 00:02:06 (2232 turns).

poirepourri the Cudgeler (Gargoyle Fighter)         Turns: 2232, Time: 00:02:07

Health: 0/32       AC: 12    Str: 20    XL:     5   Next: 97%
Magic:  14/14      EV:  7    Int:  8    God:
Gold:   99         SH:  9    Dex: 10    Spells: 4/4 levels left

rFire    + . .     SeeInvis .   a - +0 flail
rCold    + . .     Gourm    .   c - +0 shield
rNeg     + . .     Faith    .   r - +0 scale mail
rPois    ∞         Spirit   .   o - +0 helmet
rElec    +         Reflect  .   q - scarf {rC+ rF+}
rCorr    .         Harm     .   (no gloves)
MR       .....                  (no boots)
Stlth    ..........             (no amulet)
HPRegen  0.10/turn              m - ring of wizardry
MPRegen  0.14/turn              x - ring of magical power

@: no status effects
A: negative energy resistance 1, electricity resistance, unbreathing,
petrification resistance, rot immunity, AC +4
a: no special abilities


You were on level 3 of the Dungeon.
You were not hungry.

You visited 1 branch of the dungeon, and saw 3 of its levels.

You collected 99 gold pieces.

Inventory:

Hand Weapons
 a - a +0 flail (weapon)
 b - a +0 war axe of flaming
Missiles
 d - 28 bolts
 e - a throwing net (quivered)
Armour
 c - a +0 shield (worn)
 o - a +0 helmet (worn)
 q - a scarf of resistance (worn)
 r - a +0 scale mail (worn)
Jewellery
 m - a ring of wizardry (left hand)
 s - an uncursed amulet of the acrobat {unknown}
 v - an uncursed amulet of guardian spirit {unknown}
 x - a ring of magical power (right hand)
Wands
 k - a wand of random effects (18)
Scrolls
 j - a scroll of teleportation
 t - a scroll of identify
 w - a scroll of enchant weapon {unknown}
 y - a scroll of fog {unknown}
Potions
 g - a potion of lignification
 h - a potion of ambrosia {unknown}
 i - a potion of heal wounds {unknown}
 l - 4 potions of curing
 n - a potion of haste {unknown}
 p - a potion of degeneration {unknown}
 u - a potion of mutation {unknown}
Comestibles
 f - 5 rations


   Skills:
 - Level 3.2 Fighting
 + Level 6.0 Maces & Flails
 - Level 3.2 Armour
 - Level 3.2 Shields


You had 4 spell levels left.
You didn't know any spells.
Your spell library was empty.

Dungeon Overview and Level Annotations

Branches:
Dungeon (3/15)

Altars:
Ashenzari
Dithmenos
Kikubaaqudgha
Trog
Uskayaw


Innate Abilities, Weirdness & Mutations

You are resistant to torment.
Your stone body is resilient. (AC +4)
You are immune to poison.
You resist negative energy. (rN+)
You are resistant to electric shocks. (rElec)
You can survive without breathing.
You are immune to petrification.
You are immune to rotting.


Message History

You are too injured to fight recklessly!
You are too injured to fight recklessly!
You are too injured to fight recklessly!
You are too injured to fight recklessly!
Your shield and scale mail prevent you from hitting the orc priest.
The orc priest is almost dead.
You block the orc priest's attack.
You hit the orc priest but do no damage.
The orc priest is severely wounded.
The orc priest completely misses you.
You hit the orc priest but do no damage.
The orc priest is severely wounded.
The orc priest invokes the aid of Beogh against you.
Beogh smites you!
* * * LOW HITPOINT WARNING * * *
You closely miss the orc priest.
The orc priest is severely wounded.
The orc priest invokes the aid of Beogh against you.
Pain shoots through your body!
You die...

### ..## ...#
.#.## ....#
.##.#
###########
.##.##
#.........#
###..#
#.#######@# #
#..###.# #o# ###
#......# ... #<#
##.##### ##.(#
#.# #.# ...# #.#
#.( ...####.#
##. ....[.#.# .
.####..#.#######
..
........>.....#


You could see an orc priest.

Vanquished Creatures
  An orc wizard (D:3)
  Natasha (thrice) (D:2)
  6 adders
  A worm (D:2)
  2 leopard geckos
  6 orcs (D:3)
  2 ball pythons
  3 giant cockroaches
  4 goblins
  10 hobgoblins
  2 jackals (D:1)
  A quokka (D:2)
  9 bats
  3 frilled lizards
  5 kobolds
  11 rats
69 creatures vanquished.

Vanquished Creatures (others)
  An orc wizard (D:3)
1 creature vanquished.

Grand Total: 70 creatures vanquished

Notes
Turn   | Place    | Note
-------+----------+-------------------------------------------
     0 | D:1      | poirepourri the Gargoyle Fighter began the quest for the
                  | Orb.
     0 | D:1      | Reached XP level 1. HP: 14/14 MP: 1/1
   271 | D:1      | Reached XP level 2. HP: 18/19 MP: 2/2
   536 | D:1      | Reached skill level 3 in Maces & Flails
   684 | D:2      | Noticed Natasha
   694 | D:2      | Killed Natasha
   694 | D:2      | Reached XP level 3. HP: 8/23 MP: 3/3
   913 | D:2      | Reached skill level 4 in Maces & Flails
   945 | D:2      | Reached XP level 4. HP: 25/28 MP: 4/4
  1056 | D:2      | Found an ancient bone altar of Kikubaaqudgha.
  1066 | D:2      | Found a shattered altar of Ashenzari.
  1070 | D:2      | Found a hide-covered altar of Uskayaw.
  1073 | D:2      | Found a bloodstained altar of Trog.
  1152 | D:2      | Noticed Natasha
  1160 | D:2      | Killed Natasha
  1184 | D:2      | Noticed Natasha
  1197 | D:2      | Killed Natasha
  1197 | D:2      | Reached skill level 5 in Maces & Flails
  1197 | D:2      | Reached XP level 5. HP: 10/32 MP: 5/5
  2120 | D:3      | Found a shadowy altar of Dithmenos.
  2227 | D:3      | Reached skill level 6 in Maces & Flails
  2232 | D:3      | Killed from afar by an orc priest

Vault maps used:
D:1:      roderic_crossed_star
D:2:      grunt_temple_overflow_cloverleaf, first_ration, uniq_natasha
D:3:      lemuel_doored_altar, nemelex_diamond_rough_becter

Skill      XL: |  1  2  3  4  5 |
---------------+----------------+-----
Maces & Flails | 3 4 5 6 |  6.0
Fighting       | |  3.2
Armour         | |  3.2
Shields        | |  3.2

Action                   |  1- 3 |  4- 6 || total
-------------------------+-------+-------++-------
Melee: Flail             |   100 |   159 ||   259
  Use: Scroll            |     3 |     1 ||     4
       Potion            |     1 |       ||     1
  Eat: Ration            |       |     2 ||     2
Armor: Scale mail        |    80 |    85 ||   165
Dodge: Dodged            |    41 |    43 ||    84
Block: Shield            |    61 |    70 ||   131

Table legend:
 A = Non-vault XP
 B = Vault XP
 C = Vault XP percentage of total XP
 D = Non-vault monster count
 E = Vault monster count
 F = Vault count percentage of total count
                 A         B        C        D         E       F
            +---------+---------+-------+---------+---------+-------
      Total |     280 |      35 |  11.1 |      69 |       1 |   1.4
            +---------+---------+-------+---------+---------+-------
        D:1 |      29 |       0 |   0.0 |      18 |       0 |   0.0
        D:2 |     136 |      35 |  20.5 |      29 |       1 |   3.3
        D:3 |     115 |       0 |   0.0 |      22 |       0 |   0.0
            +---------+---------+-------+---------+---------+-------
